 Dungeon Crawl Stone Soup version 0.30.0-15-g856e2d3f33 (webtiles) character file.

Game seed: 5537459858627370485

17120 jtron the Summoner (level 12, -10/71 HPs)
             Began as a Tengu Summoner on May 18, 2023.
             Was an Elder of Elyvilon.
             Killed from afar by Azrael (30 damage)
             ... with damnation
             ... on level 12 of the Dungeon on May 19, 2023.
             The game lasted 00:43:00 (13632 turns).

jtron the Summoner (Tengu Summoner)                Turns: 13632, Time: 00:43:00

Health: -10/71     AC: 10    Str:  9    XL:     12   Next: 44%
Magic:  13/28      EV: 22    Int: 19    God:    Elyvilon [****..]
Gold:   786        SH:  0    Dex: 16    Spells: 16/33 levels left

rFire   . . .        a - +2 Maxwell's thermic engine {flame, freeze, rev}
rCold   . . .        (no shield)
rNeg    . . .        R - +5 robe of Night {Dark Will+ SInv}
rPois   .            (helmet restricted)
rElec   .            c - +2 cloak
rCorr   .            (no gloves)
SInv    +            (boots unavailable)
Will    +....        (no amulet)
Stlth   +++          m - +4 ring of slaying
HPRegen 0.31/turn    G - +5 ring of evasion
MPRegen 0.21/turn

%: no passive effects
@: flying quickly and evasively, quick
A: beak, talons 3, nimble flight
a: Renounce Religion, Purification, Heal Other, Heal Self


You were on level 12 of the Dungeon.
You worshipped Elyvilon.
Elyvilon was greatly pleased with you.
You visited 2 branches of the dungeon, and saw 13 of its levels.
You also visited: Bailey.

You collected 786 gold pieces.

Inventory:

Hand Weapons
 a - the +2 Maxwell's thermic engine (weapon) {flame, freeze, rev}
   (You took it off an orc priest on level 8 of the Dungeon)
 b - a +0 heavy sling
 d - a +0 club
 v - a +2 dagger of venom
 x - a +4 dagger
 A - a +3 scimitar of holy wrath
 H - a +1 antimagic sling
 L - a +2 shortbow of flaming
Missiles
 p - 51 stones
 r - 4 boomerangs of dispersal
 t - 14 poisoned darts
 C - 7 boomerangs
 F - a curare-tipped dart
Armour
 c - a +2 cloak (worn)
 R - the +5 robe of Night (worn) {Dark Will+ SInv}
   (You found it on level 10 of the Dungeon)

   Dark:      It shrouds the wearer in darkness, reducing the range at which
   they can see and be seen by others.
   SInv:      It lets you see invisible.
   Will:      It increases your willpower.
Magical Staves
 O - a staff of air
Jewellery
 m - a +4 ring of slaying (left hand)
 s - a ring of positive energy
 u - a ring of magical power
 z - an amulet of faith
 G - a +5 ring of evasion (right hand)
 I - a +6 ring of intelligence
 K - a ring of willpower
 M - a +6 ring of strength
Wands
 n - a wand of flame (37)
 w - a wand of mindburst (12) (quivered)
 B - a wand of digging (2)
 S - a wand of roots (5)
Scrolls
 k - 5 scrolls of teleportation
 q - a scroll of poison
 y - 2 scrolls of magic mapping
 E - a scroll of enchant armour
 N - 2 scrolls of identify
Potions
 e - 2 potions of might
 f - 6 potions of curing
 g - a potion of invisibility
 h - a potion of mutation
 i - 2 potions of ambrosia
 j - 4 potions of brilliance
 l - 8 potions of lignification
 o - 2 potions of magic
 D - a potion of resistance {unknown}
 Q - 2 potions of heal wounds
Miscellaneous
 J - a condenser vane (inert)
 P - a piece from Xom's chessboard (15/15)


   Skills:
 * Level 6.6 Fighting
 + Level 2.1(5.7) Short Blades
 + Level 8.4(8.5) Long Blades
 + Level 5.1 Dodging
 + Level 5.1 Stealth
 * Level 11.2 Spellcasting
 + Level 2.1 Hexes
 + Level 11.4 Summonings
 + Level 7.0 Air Magic
 + Level 0.4 Invocations
 + Level 0.2 Evocations


You had 16 spell levels left.
You knew the following spells:

 Your Spells              Type           Power      Damage    Failure   Level
a - Summon Small Mammal   Summ           100%       N/A       1%          1
c - Call Canine Familiar  Summ           52%        N/A       1%          3
d - Summon Guardian Gole  Hex/Summ       36%        N/A       1%          3
e - Summon Lightning Spi  Summ/Air       45%        N/A       1%          4
f - Summon Cactus Giant   Summ           26%        N/A       10%         6

Your spell library contained the following spells:

 Spells                   Type           Power      Damage    Failure   Level
 Call Imp                 Summ           100%       N/A       1%          2
 Slow                     Hex            72%        N/A       2%          1
 Cigotuvi's Dreadful Rot  Necr/Pois/Air  38%        N/A       3%          2
 Ensorcelled Hibernation  Hex/Ice        28%        N/A       6%          2
 Confusing Touch          Hex            18%        N/A       9%          3
 Scorch                   Fire           20%        2d5       10%         2
 Sublimation of Blood     Necr           10%        N/A       10%         2
 Wereblood                Tmut           10%        N/A       10%         2
 Ignite Poison            Fire/Tmut/Pois 10%        N/A       21%         3
 Ozocubu's Armour         Ice            10%        N/A       21%         3
 Spider Form              Tmut/Pois      10%        N/A       21%         3
 Vampiric Draining        Necr           10%        2d6       21%         3
 Anguish                  Hex/Necr       7%         N/A       38%         4
 Summon Hydra             Summ           26%        N/A       45%         7
 Flame Wave               Conj/Fire      10%        2d6       54%         4
 Ice Form                 Ice/Tmut       10%        N/A       54%         4
 Freezing Cloud           Conj/Ice/Air   9%         6-21      56%         5
 Metabolic Englaciation   Hex/Ice        7%         N/A       75%         5
 Plasma Beam              Fire/Air       12%        2x1d25    94%         6
 Simulacrum               Ice/Necr       5%         N/A       100%        6


Dungeon Overview and Level Annotations

Branches:
Dungeon (12/15)            Temple (1/1) D:6            Lair (0/5) D:8
    Orc (0/2) D:9          Bailey (visited)

Altars:
Ashenzari
Cheibriados
Dithmenos
Elyvilon
Fedhas
Gozag
Hepliaklqana
Kikubaaqudgha
Makhleb
Nemelex Xobeh
Okawaru
Qazlal
Ru
Sif Muna
Uskayaw
Vehumet
Wu Jian
Xom
Yredelemnul
Zin
The Shining One

Shops:
D:3 ::*[*   D:4 :

Annotations:
D:4 1 runed translucent door, Crazy Yiuf
D:12 Azrael


Innate Abilities, Weirdness & Mutations

You have a beak for a mouth.
You have claws for feet.
Your magical nature lets you fly swiftly and evasively.


Message History

The hell hound bites your lightning spire.
Something hits your lightning spire. Something burns your lightning spire!
Your lightning spire completely resists.
The hell hound completely misses your lightning spire.
Your lightning spire shoots out a bolt of lightning at the hell hound!
The bolt of electricity hits the hell hound!
The hell hound bites your lightning spire!
The hell hound completely misses your lightning spire.
The hell hound bites your lightning spire.
Your lightning spire shoots out a bolt of lightning at the hell hound!
The bolt of electricity misses the hell hound.
Something bites your lightning spire!
Your lightning spire is destroyed!
Your lightning spire disappears in a puff of smoke!
Clouds of flame condense around you!
The condenser dries out!
The fire elemental hits you. The fire elemental burns you!
The fire elemental hits you. The fire elemental burns you!
The hell hound barks!
Casting: Summon Lightning Spire (dangerous; 1% risk of failure)
Confirm with . or Enter, or press ? or * to list all spells.
A guardian golem appears, shielding your allies.
The fire elemental misses you. The fire elemental hits you.
The fire elemental burns you! The fire elemental hits you.
The fire elemental burns you!
Casting: Summon Guardian Golem (safe; 1% risk of failure)
Confirm with . or Enter, or press ? or * to list all spells.
The fire elemental closely misses you. x2
Casting: Call Canine Familiar (safe; 1% risk of failure)
Confirm with . or Enter, or press ? or * to list all spells.
An electric hum fills the air.
The fire elemental completely misses you.
The hell hound bites you.
The fire elemental completely misses you.
The fire elemental hits you. The fire elemental burns you!
* * * LOW HITPOINT WARNING * * *
The hell hound bites you but does no damage.
The fire elemental hits your wolf. The fire elemental burns your wolf!
Azrael gestures at you.
The sphere of damnation explodes!
The damnation engulfs you!!
You die...

......#.# .#..#.#.##..#....
#.#####.#####. .................
#.#####.............#.#.#........
#.##........................#.###
........###.............#.#.#....
#.##.#.####.##........###.#.#.^..
.................#..#.###........
####.#.#..................#.#.##.
. ........####..@#..#.###.#.#.##.
...........# #9.h................
..##.#.#...# #.hEE[.#.#.......##.
. #.#.#...# #8☼R§....#.#.#......
#.#...###.○.#......#.#.#....
........§..#...#.#.#..#.
......§........#.#.#..#.
......#°#§..............
...####°○.............#.


You could see Azrael (ally target), 2 fire elementals, a hell hound, a friendly
guardian golem (summoned), a friendly wolf (summoned, sheltered) and a friendly
lightning spire (summoned, sheltered).

Vanquished Creatures
  A boulder beetle (D:11)
  A centaur warrior (D:8)
  A two-headed ogre (D:8)
  2 ugly things
  A troll (D:8)
  A dream sheep (D:10)
  3 wraiths
  2 vampires
  11 yaks
  3 shadows
  2 wyverns
  A steam dragon (D:10)
  A warg (D:9)
  A water moccasin (D:6)
  An orc warrior (D:8)
  A black bear (D:7)
  An ice beast (D:8)
  A sky beast (D:7)
  4 centaurs
  A kobold brigand (D:7)
  2 scorpions
  2 bullfrogs
  10 wights
  3 killer bees
  A howler monkey (D:5)
  2 jellies
  2 hounds
  2 orc priests
  2 sleepcaps
  Ijyb (D:4)
  Terence (D:2)
  4 iguanas
  8 orc wizards
  5 gnolls
  An adder (D:3)
  2 shadow imps
  A white imp (D:7)
  A worm (D:3)
  15 orcs
  3 endoplasms
  5 giant cockroaches
  12 goblins
  4 hobgoblins
  6 kobolds
  2 quokkas
  6 ball pythons
  3 bats
  A frilled lizard (D:2)
  3 rats
150 creatures vanquished.

Vanquished Creatures (collateral kills)
  A boulder beetle (D:11)
  A two-headed ogre (D:8)
  Nergalle (D:11)
  A cyclops (D:8)
  A manticore (D:10)
  A nameless horror (D:11)
  A wind drake (shapeshifter) (D:8)
  A dream sheep (D:10)
  2 wraiths (D:8)
  16 yaks
  A steam dragon (D:9)
  A basilisk (D:8)
  Menkaure (D:4)
  A warg (D:9)
  3 acid dragons
  A hell hound (D:12)
  A water moccasin (D:7)
  2 orc warriors
  An ogre (D:7)
  3 centaurs
  A phantom (D:5)
  3 bullfrogs
  3 gnoll sergeants
  2 scorpions (D:7)
  2 wights
  5 killer bees
  A howler monkey (D:8)
  2 jellies (D:8)
  7 orc priests
  A hound (D:4)
  3 orc wizards (D:8)
  Robin (D:2)
  4 adders
  4 gnolls
  2 shadow imps
  4 worms
  26 orcs
  4 bats
  6 endoplasms
  4 goblins
  4 hobgoblins
  3 jackals (D:3)
  A ball python (D:3)
  3 frilled lizards
  3 kobolds
140 creatures vanquished.

Grand Total: 290 creatures vanquished

Notes
Turn   | Place    | Note
-------+----------+-------------------------------------------
     0 | D:1      | jtron the Tengu Summoner began the quest for the Orb.
     0 | D:1      | Reached XP level 1. HP: 10/10 MP: 4/4
   158 | D:1      | Reached skill level 5 in Summonings
   173 | D:1      | Reached XP level 2. HP: 6/15 MP: 3/6
  1009 | D:1      | Learned a level 2 spell: Call Imp
  1063 | D:2      | Reached XP level 3. HP: 14/19 MP: 4/7
  1066 | D:2      | Found a faded altar of an unknown god.
  1071 | D:2      | Noticed Terence
  1153 | D:2      | Killed Terence
  1154 | D:2      | Reached XP level 4. HP: 7/24 MP: 3/9
  1337 | D:2      | Learned a level 3 spell: Call Canine Familiar
  1418 | D:2      | Identified the +1 chain mail of the Cooper {Regen+ Int+3
                  | Slay-5}
  1497 | D:2      | Noticed Robin
  1545 | D:2      | Killed Robin
  1580 | D:2      | Learned a level 3 spell: Summon Guardian Golem
  2128 | D:3      | Gained mutation: Your magical nature lets you fly swiftly
                  | and evasively. [Tengu growth]
  2128 | D:3      | Reached XP level 5. HP: 27/28 MP: 6/10
  2167 | D:3      | Found Izow's Assorted Antiques.
  2173 | D:3      | Found Iqalis's Armour Shoppe.
  2438 | D:3      | Found Xukiov's Assorted Antiques.
  3051 | D:3      | Found Itiyrew's Book Shop.
  3132 | D:3      | Found Aliare's Book Shoppe.
  3265 | D:4      | Noticed Menkaure
  3275 | D:4      | Killed Menkaure
  3276 | D:4      | Reached skill level 1 in Hexes
  3276 | D:4      | Reached XP level 6. HP: 33/33 MP: 4/12
  3358 | D:4      | Reached skill level 1 in Short Blades
  3659 | D:4      | Noticed Ijyb
  3673 | D:4      | Killed Ijyb
  3734 | D:4      | Found an ancient bone altar of Kikubaaqudgha.
  3735 | D:4      | Found a broken altar of Ashenzari.
  3783 | D:4      | Reached XP level 7. HP: 37/37 MP: 12/14
  3911 | D:4      | Reached skill level 1 in Fighting
  4007 | D:4      | Found a runed translucent door.
  4008 | D:4      | Noticed Crazy Yiuf
  4161 | D:4      | Found a basalt altar of Yredelemnul.
  4202 | D:4      | Found Plog's Book Shop.
  4615 | D:5      | Entered Level 5 of the Dungeon
  5173 | D:5      | Reached skill level 5 in Spellcasting
  5173 | D:5      | Reached XP level 8. HP: 38/43 MP: 12/16
  5725 | D:6      | Reached skill level 1 in Long Blades
  5829 | D:6      | You are sucked into a shaft and drop 1 floor!
  6001 | D:6      | Found a staircase to the Ecumenical Temple.
  6259 | Temple   | Entered the Ecumenical Temple
  6347 | Temple   | Became a worshipper of Elyvilon the Healer
  6353 | Temple   | Learned a level 4 spell: Summon Lightning Spire
  6426 | D:7      | Found a flagged portal.
  6468 | D:7      | Found a shimmering blue altar of Sif Muna.
  6519 | Bailey   | Entered a bailey
  6609 | D:7      | Reached skill level 1 in Air Magic
  6661 | D:7      | Reached XP level 9. HP: 47/47 MP: 16/19
  7360 | D:7      | Reached * piety under Elyvilon
  7768 | D:8      | Found a staircase to the Lair.
  7837 | D:8      | Found an ornate altar of the Wu Jian Council.
  8106 | D:8      | Noticed a cyclops
  8153 | D:8      | Killed a cyclops
  8360 | D:8      | Reached XP level 10. HP: 43/56 MP: 19/23
  8861 | D:8      | Noticed a two-headed ogre
  8862 | D:8      | Noticed a green ugly thing
  8868 | D:8      | Killed a two-headed ogre
  8869 | D:8      | Reached skill level 5 in Air Magic
  8876 | D:8      | Killed a green ugly thing
  8877 | D:8      | Reached skill level 5 in Long Blades
  8959 | D:8      | Learned a level 6 spell: Summon Cactus Giant
  8976 | D:8      | Noticed a salamander
  8978 | D:8      | a salamander changed into a wind drake
  9006 | D:8      | Reached skill level 10 in Summonings
  9014 | D:8      | Noticed a centaur warrior
  9029 | D:8      | Killed a centaur warrior
  9205 | D:8      | Reached ** piety under Elyvilon
  9210 | D:8      | Noticed a two-headed ogre
  9219 | D:8      | Killed a two-headed ogre
  9220 | D:8      | Reached skill level 5 in Fighting
  9220 | D:8      | Reached XP level 11. HP: 54/63 MP: 21/25
  9256 | D:8      | Got Sif Muna's Elucidation of Gusty Freezing
  9812 | D:9      | Found a staircase to the Orcish Mines.
 10189 | D:9      | Reached skill level 10 in Spellcasting
 10844 | D:10     | Entered Level 10 of the Dungeon
 11260 | D:10     | Noticed a manticore
 11267 | D:10     | Killed a manticore
 11474 | D:10     | Found the +5 robe of Night {Dark Will+ SInv}
 11577 | D:10     | Found a snail-covered altar of Cheibriados.
 11863 | D:11     | Reached *** piety under Elyvilon
 11884 | D:11     | Noticed Nergalle
 11888 | D:11     | Noticed a nameless horror
 11897 | D:11     | Killed a nameless horror
 11905 | D:11     | Killed Nergalle
 12040 | D:11     | Reached XP level 12. HP: 61/70 MP: 24/27
 12045 | D:11     | Reached skill level 5 in Dodging
 12102 | D:11     | Noticed a boulder beetle
 12121 | D:11     | Killed a boulder beetle
 12243 | D:11     | Identified the +2 leather armour of Wu Jian, Disbelieving
                  | {Int+6}
 12440 | D:11     | Noticed a boulder beetle
 12459 | D:11     | Killed a boulder beetle
 13188 | D:12     | Reached **** piety under Elyvilon
 13210 | D:12     | Reached skill level 5 in Stealth
 13294 | D:12     | Noticed Azrael
 13632 | D:12     | Killed from afar by Azrael

Illustrated notes

Levels and vault maps discovered:
D:1:      saegor_arrival_simple_b, layout_basic, nicolae_titane
D:2:      layout_basic, hellmonk_ecumenical_altar_arch_garden, uniq_robin,
          uniq_terence
D:3:      minmay_spotlight, layout_basic, serial_shops, shop,
          nicolae_square_shop, shop, nicolae_shop_behind_doors, shop_fountains
D:4:      layout_basic, marbit_many_paths, nicolae_overflow_two_pavilions,
          serial_shops, kennysheep_little_box, uniq_crazy_yiuf_cottage,
          uniq_menkaure, uniq_ijyb
D:5:      layout_basic
D:6:      layout_loops_cross, minmay_temple_entry_metal_lava
D:7:      layout_loops_corners, kennysheep_mini, enter_bailey_5,
          grunt_decor_cap, chequers_serial_rivers_marsh, grunt_ministairs_11
D:8:      minmay_the_grid_octo_tiled_squarecenter [minmay_the_grid_octo_horde,
          minmay_the_grid_octo_77, minmay_the_grid_octo_chip,
          minmay_the_grid_octo_focus,
          minmay_the_grid_square_5x5_megaprize_diamond,
          minmay_the_grid_square_5x5_hollow_slash,
          minmay_the_grid_square_5x5_spiral,
          minmay_the_grid_square_5x5_beaten_path,
          minmay_the_grid_square_5x5_inverted_slash], layout_cave_pools,
          mainiacjoe_overflow_boulevard, dpeg_oklobed_lair
D:9:      layout_layer_cave, erik_orc_4, hangedman_decor_growths,
          minmay_circle_x
D:10:     layout_basic, cheibriados_altar_1, st_stairs_10,
          hellmonk_guarded_unrand_night
D:11:     layout_irregular_city, uniq_nergalle
D:12:     layout_basic, uniq_frances, uniq_maurice, uniq_azrael, uniq_gastronok
Temple:   regret_index_temple_sphere_string

Skill      XL: |  1  2  3  4  5  6  7  8  9 10 11 12 |
---------------+-------------------------------------+-----
Summonings     | 5 6 7 8 9 10 11 | 11.4
Spellcasting   | 3 4 5 6 8 9 10 11 | 11.2
Stealth        | 3 4 5 |  5.1
Hexes          | 1 2 |  2.1
Short Blades   | 1 2 |  2.1
Dodging        | 3 4 5 |  5.1
Fighting       | 1 3 5 6 |  6.6
Long Blades    | 2 4 6 7 8 |  8.4
Air Magic      | 1 4 5 6 7 |  7.0
Invocations    | |  0.4
Evocations     | |  0.2

Action                     |  1- 3 |  4- 6 |  7- 9 | 10-12 || total
---------------------------+-------+-------+-------+-------++-------
  Melee: Club              |     9 |       |       |       ||     9
         Kick              |    13 |    14 |    37 |    57 ||   121
         Unarmed           |     3 |       |       |       ||     3
         Peck              |     6 |     4 |    26 |    30 ||    66
         Dagger            |    29 |    47 |    53 |       ||   129
         Punch             |       |       |     3 |     1 ||     4
         Scimitar          |       |       |    79 |    19 ||    98
         Double sword      |       |       |       |   138 ||   138
   Cast: Summon Small Mamm |    25 |    12 |    24 |     7 ||    68
         Call Imp          |     5 |     9 |     9 |       ||    23
         Call Canine Famil |       |    15 |    30 |    26 ||    71
         Summon Lightning  |       |       |     3 |    28 ||    31
         Summon Cactus Gia |       |       |       |     8 ||     8
         Summon Guardian G |       |       |       |     4 ||     4
 Invoke: Heal Other        |       |       |       |     3 ||     3
  Evoke: Wand              |       |       |     1 |     4 ||     5
         Condenser vane    |       |       |       |     1 ||     1
    Use: Potion            |     1 |       |     1 |     2 ||     4
         Scroll            |       |     7 |     7 |    12 ||    26
   Stab: Sleeping          |     4 |     6 |     3 |     3 ||    16
         Distracted        |       |       |     3 |     2 ||     5
 Armour: Robe              |    18 |     6 |       |    19 ||    43
         Animal skin       |       |     9 |    33 |    20 ||    62
  Dodge: Dodged            |    36 |    24 |    91 |   169 ||   320
